 Dungeon Crawl Stone Soup version 0.29-a0-885-gb26ba3297d (webtiles) character file.

Game seed: 7501068678550152801

620 Mesmaeker13 the Grave Robber (level 7, -5/36 HPs)
             Began as a Vine Stalker Necromancer on July 20, 2022.
             Killed by divine providence
             ... invoked by an orc priest
              (12 damage)
             ... on level 5 of the Dungeon.
             The game lasted 00:08:45 (5329 turns).

Mesmaeker13 the Grave Robber (VSNe)                 Turns: 5329, Time: 00:08:46

Health: -5/36      AC:  4    Str:  9    XL:     7   Next: 46%
Magic:  0/14       EV: 14    Int: 19    God:
Gold:   243        SH:  0    Dex: 20    Spells: 6/14 levels left

rFire   . . .      SeeInvis +   l - staff of death
rCold   . . .      Faith    .   (no shield)
rNeg    + . .      Spirit   +   a - +0 robe
rPois   .          Reflect  .   (no helmet)
rElec   .          Harm     .   (no cloak)
rCorr   .          Rampage  .   (no gloves)
Will    +....                   w - +1 pair of boots of Temirr {Str-4 Int+4 Dex+6 SInv}
Stlth   +++.......              (no amulet)
HPRegen 0.92/turn               j - ring of willpower
MPRegen 0.14/turn               (no ring)

@: no status effects
A: fangs 2, regeneration 1, magic shield, antimagic bite, no potion heal 2
a: no special abilities


You were on level 5 of the Dungeon.
You visited 2 branches of the dungeon, and saw 7 of its levels.

You collected 243 gold pieces.

Inventory:

Hand Weapons
 v - a +1 vorpal falchion
Missiles
 m - 9 poisoned darts (quivered)
Armour
 a - a +0 robe (worn)
 w - the +1 pair of boots of Temirr (worn) {Str-4 Int+4 Dex+6 SInv}
   (You found it on level 5 of the Dungeon)

   Str:       It affects your strength (-4).
   Int:       It affects your intelligence (+4).
   Dex:       It affects your dexterity (+6).
   SInv:      It lets you see invisible.
Magical Staves
 l - a staff of death (weapon)
Jewellery
 j - a ring of willpower (left hand)
 u - a ring of ice
Scrolls
 e - 2 scrolls of enchant armour
 f - a scroll of enchant weapon {unknown}
 h - a scroll of fear {unknown}
 i - a scroll of amnesia
 o - 3 scrolls of immolation
 q - a scroll of teleportation {unknown}
 r - a scroll of torment {unknown}
 s - a scroll of magic mapping {unknown}
Potions
 b - a potion of magic
 c - a potion of lignification {unknown}
 d - 3 potions of curing
 k - a potion of attraction {unknown}
 n - a potion of mutation
 p - a potion of ambrosia {unknown}
 t - a potion of might


   Skills:
 + Level 3.0 Fighting
 + Level 3.5 Dodging
 - Level 3.0 Stealth
 + Level 4.4 Spellcasting
 + Level 5.5 Necromancy


You had 6 spell levels left.
You knew the following spells:

 Your Spells              Type           Power      Damage    Failure   Level
a - Necrotise             Necr           100%       1d9       1%          1
b - Vampiric Draining     Necr           38%        2d8       4%          3
c - Animate Dead          Necr           38%        N/A       13%         4

Your spell library contained the following spells:

 Spells                   Type           Power      Damage    Failure   Level
 Agony                    Necr           38%        N/A       36%         5


Dungeon Overview and Level Annotations

Branches:
Dungeon (6/15)             Temple (1/1) D:4

Altars:
Ashenzari
Gozag
Okawaru
Ru
Sif Muna
Trog
Uskayaw
Vehumet
Wu Jian
Xom
Yredelemnul
Zin
The Shining One

Annotations:
D:4 3 runed translucent doors, Protee's ghost, amateur TeAE


Innate Abilities, Weirdness & Mutations

You have extremely sharp teeth.
Your natural rate of healing is unusually fast.
When hurt, damage is shared between your health and your magic reserves.
Your bite disrupts and absorbs the magic of your enemies.
Potions cannot restore your health.


Message History

Aim: a water moccasin (severely wounded, chance to affect: 83%)
You feel a surge of power!
The water moccasin writhes in agony!
You kill the water moccasin!
The dead are slithering!
You feel very sick.
Your Fighting skill increases to level 3!
Casting: Necrotise (safe; 1% risk of failure)
Confirm with . or Enter, or press ? or * to list all spells.
Aiming: Necrotise (safe; 1% risk of failure)
Press: ? - help, Shift-Dir - straight line, f - orc priest
Aim: an orc priest, wielding a +0 whip and wearing a +0 leather armour (ally target, chance to affect: 83%)
You feel a surge of power!
The orc priest writhes in agony.
You feel very sick. The orc priest misses you.
You swap places.
You feel very sick.
Your water moccasin zombie bites the orc priest but does no damage.
The orc priest hits your water moccasin zombie with a +0 whip.
Your system rejects the healing.
You feel better.
Your water moccasin zombie bites the orc priest.
The orc priest calls down the wrath of Beogh upon you.
Beogh smites you!
* * * LOW HITPOINT WARNING * * *
You have no ailments to cure.
Unknown command.
What are your orders? t - Shout!
Orders for allies: a - Attack new target. p - Attack previous target. r - Retreat! s - Stop attacking. g - Guard the area. f - Follow me.
Anything else - Cancel.
Gang up on whom?
Press: ? - help, Dir - move target, f/p - orc priest
Aim: an orc priest, wielding a +0 whip and wearing a +0 leather armour (severely wounded, ally target) Attack!
Your reaping aura expires.
Your water moccasin zombie bites the orc priest.
The orc priest mumbles some strange prayers to Beogh against you.
Beogh smites you!
You die...

#######.o.#####..##
###..^##...#
###......####
###..#..>.###
##.##.....#
##.##.(..#
#o###...# ##Z###..#
#@.##### ##.## #..#
#########.##
###.......#..#
##............##
##.......<......#
#.............#.##
###
#............#.(##
#####..


You could see an orc priest (ally target) and a friendly water moccasin zombie.

Vanquished Creatures
  A water moccasin (D:5)
  2 black bears
  2 scorpions (D:5)
  A howler monkey (D:4)
  Jessica (D:3)
  3 gnolls (D:3)
  4 adders
  2 worms
  2 dart slugs (D:3)
  8 orcs
  5 ball pythons
  6 bats
  2 endoplasms (D:2)
  A giant cockroach (D:2)
  8 goblins
  5 hobgoblins
  7 jackals
  4 quokkas
  3 frilled lizards
  3 kobolds
  2 rats (D:2)
72 creatures vanquished.

Vanquished Creatures (collateral kills)
  A quokka (D:1)
1 creature vanquished.

Grand Total: 73 creatures vanquished

Notes
Turn   | Place    | Note
-------+----------+-------------------------------------------
     0 | D:1      | Mesmaeker13 the Vine Stalker Necromancer began the quest
                  | for the Orb.
     0 | D:1      | Reached XP level 1. HP: 9/9 MP: 4/4
   376 | D:1      | Reached XP level 2. HP: 12/13 MP: 3/6
  1559 | D:2      | Reached XP level 3. HP: 16/16 MP: 4/7
  1577 | D:2      | Learned a level 3 spell: Vampiric Draining
  2772 | D:3      | Noticed Jessica
  2773 | D:3      | Found a hide-covered altar of Uskayaw.
  2779 | D:3      | Killed Jessica
  2780 | D:3      | Gained mutation: Your natural rate of healing is unusually
                  | fast. [Vine Stalker growth]
  2780 | D:3      | Reached XP level 4. HP: 21/21 MP: 7/9
  2832 | D:3      | Reached skill level 1 in Fighting
  2887 | D:3      | Reached XP level 5. HP: 25/25 MP: 2/10
  2951 | D:3      | Found a faded altar of an unknown god.
  3540 | D:4      | Noticed a black bear
  3550 | D:4      | Killed a black bear
  3551 | D:4      | Reached XP level 6. HP: 19/30 MP: 1/12
  3770 | D:4      | Noticed Protee's ghost (amateur TeAE)
  3876 | D:4      | Found a runed translucent gate.
  3876 | D:4      | Found a runed translucent gate.
  3876 | D:4      | Found a runed translucent gate.
  4039 | D:4      | Reached skill level 5 in Necromancy
  4126 | D:4      | Found a staircase to the Ecumenical Temple.
  4132 | Temple   | Entered the Ecumenical Temple
  4490 | D:4      | You fall into a shaft and drop 2 floors!
  4502 | D:5      | Entered Level 5 of the Dungeon
  4523 | D:5      | Noticed a water moccasin
  4523 | D:5      | Noticed a black bear
  4540 | D:5      | Killed a black bear
  4649 | D:5      | Reached XP level 7. HP: 35/35 MP: 12/14
  4650 | D:5      | Identified the +1 pair of boots of Temirr {Str-4 Int+4
                  | Dex+6 SInv}
  4804 | D:5      | Found an ornate altar of the Wu Jian Council.
  4805 | D:5      | Found a basalt altar of Yredelemnul.
  5272 | D:4      | Learned a level 4 spell: Animate Dead
  5329 | D:5      | Killed from afar by an orc priest

Illustrated notes

Levels and vault maps discovered:
D:1:      dpeg_arrival_lava_altar, layout_basic
D:2:      layout_loops_cross, minmay_tromino_v4_b
D:3:      layout_loops_ring, mainiacjoe_overflow_concentric_impassable,
          ebering_ecumenical_altar_petrified, grunt_ministairs_3, uniq_jessica
D:4:      layout_layer_cave, minmay_temple_entry_hall, gammafunk_ghost_split,
          nicolae_eternal_life
D:5:      layout_cave_pods, grunt_temple_overflow_open
D:6:      layout_loops_cross, mainiacjoe_overflow_boulevard,
          serial_co_window_serial, co_window_paths_a, co_window_paths_a,
          co_window_corner_a, co_window_paths_a, co_window_corner_a,
          co_window_corner_a, co_window_broadway_a, co_window_corner_b,
          co_window_paths_c, co_window_sun, glass_columns_a, glass_columns_b,
          glass_columns_b, glass_columns_b
Temple:   eino_wide_crystal_templ

Skill      XL: |  1  2  3  4  5  6  7 |
---------------+----------------------+-----
Stealth        | 3 |  3.0
Dodging        | 2 3 |  3.5
Fighting       | 1 2 3 |  3.0
Spellcasting   | 3 4 |  4.4
Necromancy     | 5 |  5.5

Action                   |  1- 3 |  4- 6 |  7- 9 || total
-------------------------+-------+-------+-------++-------
Melee: Flail             |    10 |       |       ||    10
       Bite              |     4 |     5 |       ||     9
       Staff             |     5 |    14 |       ||    19
       Punch             |       |     1 |       ||     1
Throw: Dart              |     5 |    16 |     5 ||    26
 Cast: Necrotise         |    65 |    69 |    20 ||   154
       Animate Dead      |       |       |     1 ||     1
  Use: Scroll            |       |     6 |     2 ||     8
       Potion            |       |       |     1 ||     1
 Stab: Sleeping          |     2 |       |       ||     2
Armor: Robe              |     6 |     9 |     1 ||    16
Dodge: Dodged            |    16 |    17 |     6 ||    39

Table legend: (Time is in decaauts)
 A = Elapsed time spent in this place.
 B = Non-inter-level travel time spent in this place.
 C = Inter-level travel time spent in this place.
 D = Time resting spent in this place.
 E = Time spent auto-exploring this place.
 F = Levels seen in this place.
 G = Mean time per level.
                   A        B        C        D        E       F      G
               +--------+--------+--------+--------+--------+-----+--------+
         Total |   5335 |   5189 |    146 |    606 |   3650 |   7 |  762.1 |
       Dungeon |   5284 |   5144 |    140 |    606 |   3613 |   6 |  880.7 |
        Temple |     51 |     45 |      6 |      0 |     37 |   1 |   51.0 |
               +--------+--------+--------+--------+--------+-----+--------+

Top non-repeatable levels by time:
     D:1: 1550 daAuts
     D:4: 1297 daAuts
     D:3: 1011 daAuts
     D:2: 933 daAuts
     D:5: 479 daAuts
  Temple: 51 daAuts
     D:6: 11 daAuts
